 Dungeon Crawl Stone Soup version 0.18-a0-1044-g2bb894f (webtiles) character file.

55 Kristof the Digger (level 3, -4/19 HPs)
             Began as a Gargoyle Earth Elementalist on Jan 11, 2016.
             Slain by a gnoll
             ... wielding a +0 halberd
              (11 damage)
             ... on level 2 of the Dungeon.
             The game lasted 00:06:19 (1117 turns).

Kristof the Digger (Gargoyle Earth Elementalist)    Turns: 1117, Time: 00:06:19

Health: -4/19      AC:  5    Str: 11    XL:     3   Next: 93%
Magic:  1/7        EV:  7    Int: 16    God:
Gold:   39         SH:  0    Dex: 10    Spells: 3 memorised, 2 levels left

rFire  . . .     SeeInvis .     b - 78 stones
rCold  . . .     Gourm    .     f - +0 robe {MR+}
rNeg   + . .     Faith    .     (no shield)
rPois  ∞         Spirit   .     (no helmet)
rElec  +         Dismiss  .     (no cloak)
rCorr  .         Reflect  .     (no gloves)
SustAt .         Harm     .     (no boots)
MR     +....                    (no amulet)
Stlth  ++........               (no ring)
                                (no ring)

@: very slightly contaminated, somewhat resistant to hostile enchantments,
unstealthy
A: negative energy resistance 1, electricity resistance, unbreathing,
petrification resistance, rot immunity, AC +3
a: no special abilities


You were on level 2 of the Dungeon.
You were not hungry.

You visited 1 branch of the dungeon, and saw 2 of its levels.

You collected 39 gold pieces.

Inventory:

Hand Weapons
 h - a +0 short sword
Missiles
 b - 78 stones (in hand)
Armour
 a - a +0 robe
 f - a +0 robe of magic resistance (worn)
Potions
 e - a potion of curing
 j - a potion of flight {unknown}
 k - a potion of lignification {unknown}
Books
 c - a book of Geomancy

   Spells                             Type                      Level
   a - Sandblast                      Earth                        1
   b - Stoneskin                      Transmutation/Earth          2
   c - Passwall                       Transmutation/Earth          3
   d - Stone Arrow                    Conjuration/Earth            3
   e - Petrify                        Transmutation/Earth          4
   f - Lee's Rapid Deconstruction     Earth                        5
Comestibles
 d - a bread ration
 g - 2 fruits
 i - 6 chunks of flesh


   Skills:
 - Level 1.5 Dodging
 - Level 2.1 Stealth
 * Level 3.4 Spellcasting
 + Level 0.4 Conjurations
 - Level 0.7 Transmutations
 + Level 4.1 Earth Magic


You had 2 spell levels left.
You knew the following spells:

 Your Spells              Type           Power        Failure   Level  Hunger
a - Sandblast             Erth           ###...       3%          1    None
b - Stoneskin             Trmt/Erth      ##......     12%         2    ##.....
c - Stone Arrow           Conj/Erth      ##....       21%         3    ###....


Dungeon Overview and Level Annotations

Branches:
Dungeon (2/15)

Altars:
Nemelex Xobeh


Innate Abilities, Weirdness & Mutations

You are resistant to torment.
Your stone body is resilient (AC +3).
You are immune to poison.
You resist negative energy.
You are resistant to electric shocks.
You can survive without breathing.
You are immune to petrification.
You are immune to rotting.


Message History

You can't see any susceptible monsters within range! (Use Z to cast anyway.)
Casting: Sandblast
Confirm with . or Enter, or press ? or * to list all spells.
Aiming: Stone Arrow
Press: ? - help, Shift-Dir - straight line, f - gnoll
Aim: a gnoll, wielding a spear The stone arrow hits the gnoll.
The gnoll is severely wounded.
Casting: Stone Arrow
Confirm with . or Enter, or press ? or * to list all spells.
Aiming: Stone Arrow
Press: ? - help, Shift-Dir - straight line, f/p - gnoll
Aim: a gnoll, wielding a spear (severely wounded)
You miscast Stone Arrow.
You are very lightly contaminated with residual magic.
A wave of violent energy washes through your body!
The gnoll hits you from afar with a spear.
The gnoll hits you from afar with a halberd!
Ouch! That really hurt!
You die...

.......... g.#####
.........# #.....#
#..g.....# #.....#
...#..g.)###.....# ...
..#..........+
#..##.#.#.÷..g...#
#..##.#...##...gg#
....#.#.#........#####.#
#.....#.#.##....@......#
#.#.#...#.##.....#######
........#.#[.#+###
#.#.#.#.#.#..#.#
......###.#..#.#
#.#.......##.#.#
......######.#.# #..##.#
#..÷.# ....#.# #....#


You could see 3 gnolls.

Vanquished Creatures
  A gnoll (D:2)
  2 adders (D:2)
  4 bats
  2 giant cockroaches (D:1)
  5 goblins (D:1)
  2 jackals (D:2)
  A kobold (D:1)
  A quokka (D:2)
  A ball python (D:1)
  A giant newt (D:1)
  7 rats (D:1)
27 creatures vanquished.

Notes
Turn   | Place    | Note
--------------------------------------------------------------
     0 | D:1      | Kristof the Gargoyle Earth Elementalist began the quest for the Orb.
     0 | D:1      | Reached XP level 1. HP: 10/10 MP: 3/3
   141 | D:1      | Reached XP level 2. HP: 15/15 MP: 1/5
   231 | D:1      | Learned a level 2 spell: Stoneskin
   303 | D:1      | You fall through a shaft!
   430 | D:1      | Found a sparkling altar of Nemelex Xobeh.
   794 | D:2      | Reached XP level 3. HP: 19/19 MP: 4/7
   799 | D:2      | Learned a level 3 spell: Stone Arrow
  1033 | D:2      | Reached skill level 4 in Earth Magic
  1117 | D:2      | Slain by a gnoll

Vault maps used:
D:1:      minmay_arrival_semitransparent, nemelex_diamond_rough_becter
D:2:      lemuel_doored_altar

Action                   || total
-------------------------++-------
 Cast: Sandblast         ||    34
       Stone Arrow       ||     1
  Use: Scroll            ||     5
  Eat: Chunk             ||     1
